 Dungeon Crawl Stone Soup version 0.29.1-15-g9cfb28693d (webtiles) character file.

Game seed: 13464114277287734971

10212 croobank the Covert (level 11, -6/77 HPs)
             Began as an Octopode Delver on Mar 5, 2023.
             Was an Initiate of Gozag.
             Mangled by Urug
             ... wielding a +3 broad axe
              (33 damage)
             ... on level 11 of the Dungeon on Mar 6, 2023.
             The game lasted 00:45:10 (16096 turns).

croobank the Covert (Octopode Delver)              Turns: 16096, Time: 00:45:11

Health: -6/77      AC:  6    Str: 11    XL:     11   Next: 58%
Magic:  18/20      EV: 20    Int: 26    God:    Gozag
Gold:   588        SH:  0    Dex: 13    Spells: 10/22 levels left

rFire   + . .      SeeInvis +   F - +0 short sword (speed)
rCold   . . .      Faith    .   (no shield)
rNeg    . . .      Spirit   .   M - +1 hat
rPois   .          Reflect  .   S - amulet of magic regeneration
rElec   .          Harm     .   l - ring of see invisible
rCorr   .          Rampage  .   K - +4 ring of evasion
Will    .....                   C - +4 ring of slaying
Stlth   ++++++....              y - +4 ring of protection
HPRegen 0.22/turn               o - ring of protection from fire
MPRegen 0.57/turn               R - +6 ring of intelligence
                                (no ring)
                                (no ring)

@: no status effects
A: almost no armour, amphibious, 8 rings, camouflage 1, gelatinous body 1,
(nimble swimmer 1), tentacles, clever 1
a: Renounce Religion, Potion Petition, Call Merchant, Bribe Branch


You were on level 11 of the Dungeon.
You worshipped Gozag.
Gozag was pleased with you.
You visited 3 branches of the dungeon, and saw 13 of its levels.
You also visited: Ossuary.

You collected 1573 gold pieces.
You spent 330 gold pieces at shops.
You paid 655 gold pieces to Gozag.

Inventory:

Hand Weapons
 d - the +4 spear "Juadeac" {freeze, Contam Str+4 Stlth+}
   (You found it on level 5 of the Dungeon)

   It freezes those it strikes, dealing additional cold damage.
   It can also slow down cold-blooded creatures.
   Str:       It affects your strength (+4).
   Contam:    It causes magical contamination when unequipped.
   Stlth:     It makes you more stealthy.
 m - a +0 dagger of holy wrath
 t - a +0 war axe
 A - a +3 short sword
 E - a +3 halberd
 F - a +0 short sword of speed (weapon)
 G - a +0 whip of venom
 O - a +1 broad axe
 P - a +0 trident
 Q - a +3 long sword
 W - a +4 falchion of protection
Missiles
 a - 2 throwing nets
 u - 55 poisoned darts (quivered)
 z - 4 atropa-tipped darts
Armour
 M - a +1 hat (worn)
Magical Staves
 c - a staff of cold
 q - a staff of air
 N - a staff of conjuration
Jewellery
 l - a ring of see invisible (left tentacle)
 o - a ring of protection from fire (on tentacle)
 y - a +4 ring of protection (on tentacle)
 C - a +4 ring of slaying (on tentacle)
 D - a ring of ice
 K - a +4 ring of evasion (right tentacle)
 R - a +6 ring of intelligence (on tentacle)
 S - an amulet of magic regeneration (around mantle)
Wands
 f - a wand of digging (17)
 k - a wand of roots (22)
 r - a wand of mindburst (28)
 U - a wand of polymorph (9)
 Y - a wand of paralysis (2)
Scrolls
 b - 3 scrolls of fog
 j - 4 scrolls of identify
 n - 4 scrolls of amnesia
 s - 3 scrolls of immolation
 w - 2 scrolls of magic mapping
 H - 2 scrolls of blinking
 I - a scroll of torment
 J - 2 scrolls of fear
Potions
 e - 2 potions of haste
 g - 3 potions of flight
 h - 3 potions of attraction
 i - 7 potions of curing
 p - 5 potions of lignification
 v - 2 potions of cancellation
 x - 4 potions of might
 B - a potion of resistance
 L - a potion of magic {unknown}
 V - a potion of brilliance {unknown}
 X - 2 potions of mutation {unknown}


   Skills:
 + Level 8.0 Fighting
 + Level 7.8 Axes
 + Level 7.8 Dodging
 + Level 12.4 Stealth
 + Level 6.1 Spellcasting
 * Level 1.9 Summonings
 - Level 8.1 Poison Magic


You had 10 spell levels left.
You knew the following spells:

 Your Spells              Type           Power      Damage    Failure   Level
a - Poisonous Vapours     Pois/Air       58%        N/A       1%          2
b - Olgreb's Toxic Radia  Pois           50%        N/A       2%          4
c - Call Canine Familiar  Summ           18%        N/A       10%         3
d - Summon Guardian Gole  Hex/Summ       13%        N/A       14%         3

Your spell library contained the following spells:

 Spells                   Type           Power      Damage    Failure   Level
 Sting                    Tmut/Pois      100%       1d8       1%          1
 Summon Small Mammal      Summ           72%        N/A       3%          1
 Apportation              Tloc           16%        N/A       7%          1
 Tukima's Dance           Hex            8%         N/A       21%         3
 Alistair's Intoxication  Tmut/Pois      19%        N/A       34%         5
 Passage of Golubria      Tloc           8%         N/A       56%         4
 Silence                  Hex/Air        4%         N/A       88%         5
 Yara's Violent Unravell  Hex/Tmut       4%         3d4       88%         5
 Lehudib's Crystal Spear  Conj/Erth      4%         10d3      100%        8


Dungeon Overview and Level Annotations

Branches:
Dungeon (11/15)            Temple (1/1) D:6            Lair (1/5) D:11
    Orc (0/2) D:11        Ossuary (visited)

Altars:
Ashenzari
Cheibriados
Dithmenos
Elyvilon
Fedhas
Gozag
Hepliaklqana
Kikubaaqudgha
Makhleb
Nemelex Xobeh
Okawaru
Qazlal
Ru
Sif Muna
Trog
Uskayaw
Vehumet
Wu Jian
Xom
Yredelemnul
Zin
The Shining One

Shops:
D:3 *:[:[   D:6 ?   D:11 (

Annotations:
D:9 1 runed translucent door, wingedge's ghost, journeyman NaHu
D:10 1 runed translucent door
D:11 Urug


Innate Abilities, Weirdness & Mutations

You cannot wear most types of armour.
You are amphibious.
You can wear up to eight rings at the same time.
Your skin changes colour to match your surroundings (Stealth+).
Your rubbery body absorbs attacks. (AC +1, EV +1)
((You are camouflaged when in or above water. (Stealth+)))
You have tentacles for arms and can constrict up to eight enemies at once.
Your mind is acute. (Int +4, Str/Dex -1)


Message History

Attack!
Urug hits your hound with a +3 broad axe!
Your hound barely misses Urug.
Your hound bites Urug.
Urug hits your hound with a +3 broad axe!
Your hound bites Urug but does no damage.
Urug misses your hound.
Your hound bites Urug but does no damage.
Your hound barely misses Urug.
Urug hits your hound with a +3 broad axe!!
Your hound dies!
Your hound's corpse disappears in a puff of smoke!
Urug barely misses your guardian golem.
Your guardian golem overheats!
Urug screams, "Damn your eyes!" Urug misses you.
Urug hits your guardian golem with a +3 broad axe!
Your guardian golem disappears in a puff of smoke!
Your guardian golem explodes!
The fiery explosion engulfs you! You resist.
The fiery explosion engulfs Urug!!
You hear an angry hiss.
You hit Urug but do no damage. You grab Urug.
Urug is heavily wounded.
You are engulfed in blazing flames.
You resist.
You constrict Urug, but do no damage.
Your magical contamination has completely faded away.
You completely miss Urug.
Urug is heavily wounded.
You are engulfed in blazing flames.
You resist.
You constrict Urug, but do no damage.
Urug is engulfed in blazing flames.
Urug hits you with a +3 broad axe!!
The wyvern hisses menacingly.
You release your grip on Urug.
Urug is engulfed in blazing flames.
Urug misses you.
You hit Urug but do no damage. You grab Urug. Your squeeze misses Urug.
Urug is severely wounded.
You constrict Urug, but do no damage.
Urug is engulfed in blazing flames.
Urug hits you with a +3 broad axe!!
You die...
Your body crumbles into a pile of gold.

............#.## ##..............
......#...###.## ##.#>######.####
.....##........# #..............#
...####........###..............#
...## #.....l...................#
....# #..........................
#...# #.........§.§..............
#...# #.........§o...............
....# #.........@................
....# #...<......................
....######.......................
WZ..Doo..........................
.....l$.........................#
..................###############
.......$..........#
........o...###...# .....W......#
...


You could see Urug and a wyvern.

Vanquished Creatures
  Harold (D:9)
  2 two-headed ogres
  An ugly thing (D:10)
  Joseph (D:7)
  A gargoyle (D:9)
  An unseen horror zombie (D:11)
  A komodo dragon (D:11)
  A troll (D:11)
  Prince Ribbit (D:7)
  A vampire (D:11)
  2 shadows
  A wyvern (D:10)
  3 steam dragons (D:9)
  Menkaure (D:4)
  2 water moccasins (D:6)
  2 ice beasts
  4 orc warriors
  4 black bears
  An ogre (D:5)
  4 centaurs
  A phantom (D:4)
  2 elf zombies (Ossuary)
  6 kobold brigands
  3 gnoll sergeants
  3 scorpions
  2 bullfrogs
  2 wyvern zombies (D:8)
  10 wights
  6 killer bees
  A howler monkey (D:8)
  An electric eel (D:11)
  3 centaur zombies (D:8)
  6 orc priests
  8 hounds
  3 jellies
  3 human zombies (Ossuary)
  4 iguanas
  7 orc wizards
  4 mummies (Ossuary)
  11 adders
  16 gnolls
  2 shadow imps
  3 white imps
  3 dart slugs
  25 orcs
  6 ball pythons
  11 endoplasms
  3 giant cockroaches
  10 goblins
  8 hobgoblins
  8 jackals (D:1)
  7 quokkas
  5 bats
  3 frilled lizards
  2 gnoll zombies (Ossuary)
  2 hobgoblin zombies (Ossuary)
  2 jackal zombies (Ossuary)
  31 kobolds
  4 rats
  A rat zombie (Ossuary)
273 creatures vanquished.

Vanquished Creatures (collateral kills)
  A yak (D:5)
  2 ogres
  A necrophage (D:5)
4 creatures vanquished.

Vanquished Creatures (others)
  9 fungi (D:2)
  26 plants
  3 withered plants (D:8)
38 creatures vanquished.

Grand Total: 315 creatures vanquished

Notes
Turn   | Place    | Note
-------+----------+-------------------------------------------
     0 | D:5      | croobank the Octopode Delver began the quest for the Orb.
     0 | D:5      | Reached XP level 1. HP: 16/16 MP: 1/1
    14 | D:5      | Noticed a scorpion
    25 | D:5      | Reached XP level 2. HP: 17/21 MP: 2/2
   127 | D:6      | Noticed a kobold brigand
   152 | D:6      | Identified the +0 robe of Sooproc {rC++}
   166 | D:6      | Found a staircase to the Ecumenical Temple.
   172 | Temple   | Entered the Ecumenical Temple
   303 | D:5      | Noticed a black bear
   351 | D:5      | Noticed a necrophage
   352 | D:5      | Noticed a kobold brigand
   376 | D:5      | Killed a kobold brigand
   377 | D:5      | Reached skill level 7 in Stealth
   377 | D:5      | Reached XP level 3. HP: 16/26 MP: 3/3
   377 | D:5      | Reached XP level 4. HP: 19/32 MP: 4/4
   588 | D:5      | Noticed an ogre
   620 | D:5      | Reached XP level 5. HP: 17/37 MP: 5/5
   874 | D:3      | Found Jeecsuoh's Book Shop.
   894 | D:3      | Found Lautih's Armour Emporium.
   909 | D:3      | Found Casirev's Book Emporium.
   924 | D:3      | Found Mohemp's General Store.
  2010 | D:2      | Found a shimmering altar of Xom.
  2570 | D:2      | Found a faded altar of an unknown god.
  2624 | D:3      | Bought 2 scrolls of identify for 52 gold pieces
  3166 | D:3      | Found Hourojacs's Armour Shoppe.
  3438 | D:4      | Reached XP level 6. HP: 40/43 MP: 6/6
  3569 | D:4      | Noticed Menkaure
  4094 | D:4      | Killed Menkaure
  4095 | D:4      | Reached skill level 8 in Stealth
  4095 | D:4      | Reached skill level 1 in Poison Magic
  4096 | D:4      | Reached skill level 1 in Spellcasting
  4786 | D:4      | Reached XP level 7. HP: 38/49 MP: 8/8
  5774 | D:5      | Found a bloodstained altar of Trog.
  5793 | D:5      | Found an iron altar of Okawaru.
  6158 | D:5      | Reached XP level 8. HP: 50/54 MP: 11/11
  6181 | D:5      | Noticed a yak
  6191 | D:5      | Reached skill level 5 in Fighting
  6194 | D:5      | Killed a yak
  6200 | D:5      | Identified the +4 spear "Juadeac" {freeze, Contam Str+4
                  | Stlth+}
  6217 | D:5      | Reached skill level 9 in Stealth
  6819 | D:5      | Reached skill level 5 in Axes
  6819 | D:5      | Reached skill level 5 in Dodging
  6912 | D:5      | Learned a level 2 spell: Poisonous Vapours
  6917 | D:5      | Learned a level 4 spell: Olgreb's Toxic Radiance
  7077 | D:6      | Reached XP level 9. HP: 31/61 MP: 13/13
  8011 | D:6      | Reached skill level 5 in Poison Magic
  8140 | D:6      | Reached skill level 10 in Stealth
  8272 | Temple   | Became a worshipper of Gozag Ym Sagoz the Greedy
  8427 | D:3      | Bought a scroll of blinking for 97 gold pieces
  8581 | D:7      | Found a sand-covered staircase.
  8589 | Ossuary  | Entered an ossuary
  9047 | D:7      | Noticed Joseph
  9472 | D:7      | Found the +18 Lear's hauberk
  9536 | D:7      | Noticed Prince Ribbit
  9541 | D:7      | Killed Prince Ribbit
  9851 | D:8      | Identified the +2 ring mail of Disguise {Str+3}
  9865 | D:8      | Reached XP level 10. HP: 53/69 MP: 16/16
  9986 | D:8      | Noticed a two-headed ogre
 10002 | D:8      | Killed a two-headed ogre
 10003 | D:8      | Reached skill level 11 in Stealth
 10711 | D:8      | Found a stormy altar of Qazlal.
 11124 | D:6      | Found Qounk's Magic Scroll Boutique.
 11168 | D:6      | Bought a scroll of identify for 22 gold pieces
 11168 | D:6      | Bought a scroll of identify for 22 gold pieces
 11168 | D:6      | Bought a scroll of blinking for 82 gold pieces
 11168 | D:6      | Bought a scroll of teleportation for 33 gold pieces
 11168 | D:6      | Bought a scroll of identify for 22 gold pieces
 11188 | D:6      | Reached skill level 5 in Spellcasting
 11393 | D:7      | Killed Joseph
 12060 | D:9      | Found a runed translucent door.
 12062 | D:9      | Noticed wingedge's ghost (journeyman NaHu)
 12194 | D:9      | Noticed an angel
 12195 | D:9      | Found a glowing silver altar of Zin.
 12272 | D:9      | Noticed a gargoyle
 12281 | D:9      | Noticed a two-headed ogre
 12293 | D:10     | Entered Level 10 of the Dungeon
 12674 | D:9      | Noticed Harold
 12685 | D:9      | Gained mutation: Your mind is acute. (Int +4, Str/Dex -1)
                  | [mutagenic glow]
 12692 | D:9      | Killed Harold
 12693 | D:9      | Reached XP level 11. HP: 24/76 MP: 19/19
 13222 | D:9      | Killed a two-headed ogre
 13223 | D:9      | Reached skill level 12 in Stealth
 14128 | D:10     | Found a runed translucent door.
 14128 | D:10     | Noticed a red ugly thing
 14141 | D:10     | HP: 1/77 [red ugly thing (6)]
 14142 | D:10     | Killed a red ugly thing
 14143 | D:10     | Noticed a six-headed hydra
 14862 | D:11     | Noticed a six-headed hydra
 15065 | D:10     | Reached skill level 1 in Summonings
 15569 | D:11     | Found a staircase to the Lair.
 15581 | Lair:1   | Entered Level 1 of the Lair of Beasts
 15848 | D:11     | Found a staircase to the Orcish Mines.
 15849 | D:11     | Found Hawopnuu's Weapon Emporium.
 15977 | D:11     | Learned a level 3 spell: Call Canine Familiar
 15981 | D:11     | Learned a level 3 spell: Summon Guardian Golem
 16083 | D:11     | Noticed Urug
 16096 | D:11     | Mangled by Urug

Illustrated notes

Levels and vault maps discovered:
D:1:      dpeg_arrival_erosion, layout_rooms
D:2:      layout_loops_ring, shapermc_ecumenical_altar_hornbeckon, basic_altar
D:3:      layout_basic, serial_shops, nicolae_shop_waterfront, shop,
          shop_statue, nicolae_shop_advertising_works
          [nicolae_subvault_shop_adworks],
          nicolae_shop_competitors_out_of_business,
          corexii_item_surrounded_by_moat
D:4:      layout_layer_cave, minmay_bent, uniq_menkaure
D:5:      cheibrodos_fzero, layout_loops_ring, lightli_temple_of_fire,
          lemuel_tele_altar
D:6:      layout_rooms, minmay_temple_entry_hall, serial_shops,
          nicolae_shop_temple_entry_statues_fountains
D:7:      layout_loops_ring, chequers_ossuary_entry_cave, grunt_ministairs_4,
          uniq_joseph, uniq_prince_ribbit1
D:8:      layout_gridville, grunt_qazlal_clouds, serial_undead, serial_undead_b,
          serial_undead_f, serial_undead_d, serial_undead_c
D:9:      layout_basic, zin_angel, ebering_ghost_inner_flame, uniq_harold
D:10:     layout_roguey, hangedman_decor_points, minivault_13
D:11:     layout_basic, david_lair_shrubbed, orc_david_3, uniq_urug
Temple:   mainiacjoe_temple_coin_purse
Lair:1:   statuecave_lemuel, layout_regular_city, lemuel_fruit_tree, uniq_fannar

Skill      XL: |  1  2  3  4  5  6  7  8  9 10 11 |
---------------+----------------------------------+-----
Stealth        | 7 8 9 10 11 12 | 12.4
Axes           | 3 4 5 6 7 |  7.8
Dodging        | 3 4 5 6 7 |  7.8
Fighting       | 4 5 6 7 8 |  8.0
Poison Magic   | 1 2 4 5 7 8 |  8.1
Spellcasting   | 1 2 3 4 5 6 |  6.1
Summonings     | 1 |  1.9

Action                   |  1- 3 |  4- 6 |  7- 9 | 10-12 || total
-------------------------+-------+-------+-------+-------++-------
Melee: Hand axe          |     9 |   165 |    61 |       ||   235
       Constrict         |     2 |    44 |    47 |    60 ||   153
       Tentacles         |     2 |    27 |    65 |    89 ||   183
       Punch             |       |     1 |     6 |     4 ||    11
       Spear             |       |       |   181 |   171 ||   352
       Short sword       |       |       |       |   158 ||   158
 Cast: Poisonous Vapours |       |       |       |     5 ||     5
       Olgreb's Toxic Ra |       |       |       |     3 ||     3
       Call Canine Famil |       |       |       |     1 ||     1
       Summon Guardian G |       |       |       |     1 ||     1
Invok: Potion Petition   |       |       |       |     1 ||     1
Evoke: Wand              |     2 |     1 |     1 |    14 ||    18
  Use: Scroll            |       |    12 |    13 |     5 ||    30
       Potion            |       |     1 |     4 |     4 ||     9
 Stab: Sleeping          |     1 |    17 |    25 |    11 ||    54
       Distracted        |       |       |       |     8 ||     8
       Paralysed         |       |       |       |     3 ||     3
Armor: Skin              |       |    13 |    10 |    26 ||    49
Dodge: Dodged            |     8 |   109 |   136 |   242 ||   495
